 Dungeon Crawl Stone Soup version 0.27.1-37-g7b29ead8ac (console) character file.

Game seed: 17341867210942259506

1 grimtooth the Sneak (level 1, -1/10 HPs)
             Began as a Felid Delver on Dec 8, 2023.
             Slain by a centaur skeleton (2 damage)
             ... on level 5 of the Dungeon.
             The game lasted 00:01:48 (173 turns).

grimtooth the Sneak (Felid Delver)                   Turns: 173, Time: 00:01:48

Health: -1/10      AC:  1    Str:  8    XL:     1   Next: 16%
Magic:  2/2        EV: 17    Int: 11    God:
Gold:   5          SH:  0    Dex: 17    Spells: 0/0 levels left
                                        Lives:  0   Deaths: 0

rFire    . . .     SeeInvis +     - Unarmed
rCold    . . .     Faith    .   (shield unavailable)
rNeg     . . .     Spirit   .   (armour unavailable)
rPois    .         Reflect  .   (helmet unavailable)
rElec    .         Harm     .   (cloak unavailable)
rCorr    .         Rampage  .   (gloves unavailable)
Will     .....                  (boots unavailable)
Stlth    +++.......             (no amulet)
HPRegen  0.03/turn              (no ring)
MPRegen  0.08/turn              (no ring)

@: quick
A: very small, claws 1, fangs 3, see invisible, speed 1, shaggy fur 1, stealthy
paws, no weapons or thrown items, no armour, multi-lived
a: no special abilities


You were on level 5 of the Dungeon.
You visited 1 branch of the dungeon, and saw 1 of its levels.

You collected 5 gold pieces.

Inventory:

Wands
 e - a wand of digging (3)
Scrolls
 a - a scroll of fog
 b - a scroll of magic mapping
 c - a scroll of fear
Potions
 d - a potion of haste


   Skills:
 - Level 3.0 Fighting
 - Level 2.6 Dodging
 + Level 6.6 Stealth
 * Level 2.0 Unarmed Combat


You couldn't memorise any spells.
You didn't know any spells.
Your spell library was empty.

Dungeon Overview and Level Annotations

Branches:
Dungeon (5/15)
 Temple: D:4-7

Altars:

Annotations:
D:5 exclusions: hound, howler monkey, jackal and orc


Innate Abilities, Weirdness & Mutations

You have sharp claws.
You have razor-sharp teeth.
You have supernaturally acute eyesight. (SInv)
You cover ground quickly. (Speed+)
You are covered in fur. (AC +1)
Your paws help you pounce on unaware monsters.
You are incapable of wielding weapons or throwing items.
You cannot wear armour.
You gain extra lives every three experience levels.


Message History

The centaur skeleton is lightly damaged.
The centaur skeleton barely misses you.
The centaur skeleton closely misses you.
You scratch the centaur skeleton. You bite the centaur skeleton.
The centaur skeleton is moderately damaged.
The centaur skeleton misses you. The centaur skeleton barely misses you.
The centaur skeleton misses you.
The centaur skeleton completely misses you.
Something unseen opens the door.
You see here a staff of poison.
An ufetubus comes into view.
The centaur skeleton barely misses you.
The centaur skeleton completely misses you.
You scratch the centaur skeleton but do no damage.
The centaur skeleton is moderately damaged.
The centaur skeleton barely misses you.
The centaur skeleton closely misses you.
You scratch the centaur skeleton.
The centaur skeleton is heavily damaged.
The centaur skeleton misses you. The centaur skeleton barely misses you.
You scratch the centaur skeleton.
The centaur skeleton is severely damaged.
The centaur skeleton misses you. x2; The centaur skeleton barely misses you. x2
You completely miss the centaur skeleton.
The centaur skeleton is severely damaged.
The centaur skeleton hits you.
* * * LOW HITPOINT WARNING * * *
The centaur skeleton kicks you but does no damage.
The centaur skeleton closely misses you.
The centaur skeleton completely misses you.
The centaur skeleton barely misses you. The centaur skeleton kicks you.
* * * LOW HITPOINT WARNING * * *
You scratch the centaur skeleton.
The centaur skeleton is severely damaged.
The centaur skeleton closely misses you.
The centaur skeleton misses you.
You scratch the centaur skeleton.
The centaur skeleton is almost destroyed.
The centaur skeleton hits you.
You die...

#..#.......#.......#.
#..#.......'.......#.
#..##..##.##..>....##
#####..##..##+#....######
#.............#....#.....
#.............#....#.....
+.............#....'.....
#....#.............#....#.....
####....##.############....#.#..#
.........#.##..........##########
..)......+..#...@Z.....#
..o......#..'..........#
.........#..#..........#
.........####..........#
####+#.......#########.......
#....'.......#....# ....h..
#....#.......#....# .......
##...#.......#....# .......
#####.......#....+ .......
#.......#....# .......
#..........### .......


You could see a centaur skeleton.

Vanquished Creatures
  A quokka (D:5)
1 creature vanquished.

Notes
Turn   | Place    | Note
-------+----------+-------------------------------------------
     0 | D:5      | grimtooth the Felid Delver began the quest for the Orb.
     0 | D:5      | Reached XP level 1. HP: 10/10 MP: 2/2
    83 | D:5      | Noticed a hound
   105 | D:5      | Noticed a howler monkey
   173 | D:5      | Slain by a centaur skeleton

Illustrated notes

Levels and vault maps discovered:
D:5:      layout_gridville, minmay_temple_entry_grid,
          nicolae_ossuary_entry_ruins, kennysheep_generic_room_5

Action                   || total
-------------------------++-------
Melee: Unarmed           ||    15
       Bite              ||     1
Armor: Skin              ||     1
Dodge: Dodged            ||    28
